 Dungeon Crawl Stone Soup version 0.29.1-12-g30fa7ad0bf (webtiles) character file.

Game seed: 1587920885467555259

39 H0rd4k the Charlatan (level 3, 0/24 HPs)
             Began as an Octopode Artificer on Dec 13, 2022.
             Succumbed to an adder's poison
             ... on level 2 of the Dungeon.
             The game lasted 00:00:57 (1364 turns).

H0rd4k the Charlatan (Octopode Artificer)           Turns: 1364, Time: 00:00:58

Health: 0/24       AC:  1    Str: 11    XL:     3   Next: 47%
Magic:  5/5        EV: 13    Int: 15    God:
Gold:   102        SH:  0    Dex: 12    Spells: 5/5 levels left

rFire   . . .      SeeInvis .     - Unarmed
rCold   . . .      Faith    .   (no shield)
rNeg    . . .      Spirit   .   (helmet restricted)
rPois   .          Reflect  .   (no amulet)
rElec   .          Harm     .   f - ring of willpower
rCorr   .          Rampage  .   (no ring)
Will    +....                   (no ring)
Stlth   +++.......              (no ring)
HPRegen 0.08/turn               (no ring)
MPRegen 0.09/turn               (no ring)
                                (no ring)
                                (no ring)

@: lethally poisoned (0 -> -2), flying
A: almost no armour, amphibious, 8 rings, camouflage 1, gelatinous body 1,
(nimble swimmer 1), tentacles
a: no special abilities


You were on level 2 of the Dungeon.
You visited 1 branch of the dungeon, and saw 2 of its levels.

You collected 102 gold pieces.

Inventory:

Jewellery
 f - a ring of willpower (left tentacle)
Wands
 b - a wand of flame (15) (quivered)
 c - a wand of charming (14)
 d - a wand of iceblast (5)
Scrolls
 g - a scroll of enchant armour {unknown}
 h - 2 scrolls of fear {unknown}
 i - a scroll of enchant weapon {unknown}
 j - 2 scrolls of immolation {unknown}
Potions
 a - a potion of curing {unknown}


   Skills:
 * Level 2.1 Fighting
 - Level 2.3 Dodging
 - Level 1.3 Stealth
 + Level 1.1 Unarmed Combat
 * Level 1.5 Spellcasting
 - Level 3.2 Evocations


You had 5 spell levels left.
You didn't know any spells.
Your spell library was empty.

Dungeon Overview and Level Annotations

Branches:
Dungeon (2/15)

Altars:


Innate Abilities, Weirdness & Mutations

You cannot wear most types of armour.
You are amphibious.
You can wear up to eight rings at the same time.
Your skin changes colour to match your surroundings (Stealth+).
Your rubbery body absorbs attacks. (AC +1, EV +1)
((You are camouflaged when in or above water. (Stealth+)))
You have tentacles for arms and can constrict up to eight enemies at once.


Message History

The adder is moderately wounded.
The adder bites you.
You tentacle-slap the adder. Your grab misses the adder.
Your squeeze misses the adder.
The adder is heavily wounded.
The adder hisses angrily.
The adder barely misses you.
You barely miss the adder. Your grab misses the adder.
The adder is heavily wounded.
The adder bites you. The adder closely misses you.
You tentacle-slap the adder. Your grab misses the adder.
The adder is heavily wounded.
The adder bites you.
You are poisoned.
The adder poisons you!
You tentacle-slap the adder. Your grab misses the adder.
The adder is severely wounded.
You feel sick. The adder misses you.
You tentacle-slap the adder. Your grab misses the adder.
The adder is almost dead.
You feel sick. The adder barely misses you. The adder bites you. x2
* * * LOW HITPOINT WARNING * * *
The adder bites you.
* * * LOW HITPOINT WARNING * * *
You barely miss the adder. You grab the adder. You tentacle-slap the adder.
You kill the adder!
* * * LOW HITPOINT WARNING * * *
You feel sick. The adder completely misses you.
Your Unarmed Combat skill increases to level 1!
Aiming: Charm
Press: ? - help, Shift-Dir - straight line, f - adder
Aim: an adder (chance to affect: 66%)
The adder is charmed.
* * * LOW HITPOINT WARNING * * *
You feel sick.
Unknown command.
It was a potion of flight.
You feel very buoyant.
You fly up into the air.
You die...

#.# #.##^#.#..# ...#..#
#.####.##.#.#..##########.#..#
#.##........)................#
#.##.#.....########......#....
#..#.#..............)....+...<
##)# #..<#.########......#....
#<# #.....#>.....'......+....
### #.##..#.######......#....
#.##..#.@.....(..........
#.##..#..S.#####.........
##...... ########## #.....!#
#........ #......### .......#
........#


You could see a friendly adder (charmed).

Vanquished Creatures
  An adder (D:2)
  5 ball pythons (D:1)
  4 endoplasms
  A giant cockroach (D:1)
  2 hobgoblins
  A quokka (D:1)
  A frilled lizard (D:1)
  6 goblins
  3 kobolds
  4 rats (D:1)
28 creatures vanquished.

Notes
Turn   | Place    | Note
-------+----------+-------------------------------------------
     0 | D:1      | H0rd4k the Octopode Artificer began the quest for the Orb.
     0 | D:1      | Reached XP level 1. HP: 13/13 MP: 1/1
     4 | D:1      | You fall into a shaft and drop 1 floor!
   227 | D:1      | Found a faded altar of an unknown god.
   239 | D:1      | Reached XP level 2. HP: 9/18 MP: 1/3
   411 | D:1      | Reached skill level 1 in Spellcasting
   918 | D:1      | Reached XP level 3. HP: 19/24 MP: 3/5
  1363 | D:2      | Reached skill level 1 in Unarmed Combat
  1363 | D:2      | HP: 1/24 [poisoned by an adder]
  1364 | D:2      | Succumbed to an adder's poison

Illustrated notes

Levels and vault maps discovered:
D:1:      tarquinn_simple_flora_water_e, layout_basic, basic_ecumenical_altar
D:2:      layout_basic, basic_altar

Skill      XL: |  1  2  3 |
---------------+----------+-----
Spellcasting   | 1 |  1.5
Fighting       | 2 |  2.1
Unarmed Combat | 1 |  1.1
Dodging        | |  2.3
Stealth        | |  1.3
Evocations     | |  3.2

Action                   || total
-------------------------++-------
Melee: Unarmed           ||    71
       Constrict         ||    20
       Tentacles         ||    15
       Punch             ||     2
Evoke: Wand              ||     1
  Use: Potion            ||     1
 Stab: Sleeping          ||     3
Armor: Skin              ||     9
Dodge: Dodged            ||    35
